Map: Sequencer LE

Players

ByuN

  • Race: Terran Terran
  • Spawn Location: 7:00

Rogue - Winner!

  • Race: Zerg Zerg
  • Spawn Location: 1:00

VOD

Have the link to the VOD?

Description

Time

  • Played on: July 29, 2017, 11:49 p.m.
  • Length: 11:05
Show
View Real Time Build Order
Export as new Build Order

ByuN Terran 

Build Orders: MMM Bio 

Get SALT Encoding   

  12  0:00  SCV  
  13  0:12  SCV  
  14  0:17  Supply Depot  
  14  0:24  SCV  
  15  0:39  SCV  
  15  0:40  Barracks  
  16  0:44  Refinery  
  16  0:51  SCV  
  17  1:00  Barracks  
  17  1:03  SCV  
  18  1:15  SCV  
  19  1:27  Orbital Command, Reaper  
  20  1:36  Barracks  
  20  1:42  Refinery  
  20  1:46  Reaper  
  21  1:54  Supply Depot  
  21  1:57  SCV  
  22  2:03  Reaper  
  23  2:15  SCV  
  24  2:19  Reaper  
  25  2:24  Reaper  
  25  2:26  Supply Depot  
  25  2:27  SCV  
  27  2:39  SCV, Reaper  
  29  2:51  SCV  
  29  2:52  Reaper  
  31  3:00  Command Center, Reaper  
  32  3:06  SCV  
  33  3:15  Supply Depot  
  33  3:22  SCV  
  33  3:24  Reaper  
  33  3:26  Reaper  
  35  3:34  SCV  
  35  3:36  Reaper  
  36  3:46  SCV, Command Center  
  37  4:02  SCV  
  38  4:05  Barracks Reactor x2  
  38  4:09  Barracks Tech Lab  
  38  4:13  Orbital Command  
  38  4:14  SCV  
  39  4:22  Factory  
  39  4:26  SCV  
  39  4:28  Marine  
  39  4:30  Stimpack  
  39  4:41  SCV x2  
  39  4:43  Marine x2  
  45  4:46  Marine  
  46  4:55  SCV x2  
  48  5:01  Barracks Reactor x2  
  48  5:04  Marine  
  48  5:06  Engineering Bay x2, Factory Reactor, Starport  
  47  5:07  SCV x2  
  47  5:13  Orbital Command  
  49  5:19  SCV x2  
  51  5:22  Marine  
  51  5:23  Refinery  
  51  5:25  Refinery  
  52  5:31  SCV  
  52  5:32  SCV  
  52  5:34  Terran Infantry Weapons Level 1  
  54  5:38  Marine x2  
  54  5:39  Marine x3  
  54  5:41  SCV  
  60  5:44  SCV x2  
  60  5:45  Terran Infantry Armor Level 1  
  62  5:53  SCV  
  62  5:56  SCV x2  
  65  5:57  Marine x4  
  69  6:04  Medivac x2  
  69  6:05  SCV  
  69  6:08  SCV x2  
  76  6:12  Supply Depot  
  76  6:14  Supply Depot  
  76  6:15  Factory Reactor  
  76  6:20  SCV, Barracks  
  76  6:21  SCV, Barracks  
  76  6:22  Supply Depot  
  76  6:23  SCV  
  81  6:31  Marine  
  81  6:32  Marine x3, SCV  
  84  6:33  SCV  
  84  6:35  SCV, Supply Depot  
  84  6:38  Combat Shields  
  86  6:41  Marine  
  86  6:43  Medivac  
  86  6:45  Medivac  
  91  6:47  SCV x3  
  91  6:51  Widow Mine  
  96  6:54  Marine x2  
  96  6:55  Marine  
  96  6:56  Marine  
  96  6:57  Supply Depot  
  96  6:59  Marine  
  101  7:02  Refinery  
  101  7:08  Barracks Reactor x2  
  101  7:10  Liberator  
  101  7:11  Armory  
  101  7:12  Marine x3  
  101  7:14  Marine  
  101  7:15  Liberator  
  99  7:23  Marine  
  99  7:26  Widow Mine x2  
  106  7:30  Marine x3  
  106  7:31  Marine  
  113  7:41  Marine  
  114  7:46  Marine x4  
  114  7:48  Marine x3, Command Center, Supply Depot  
  114  7:49  Marine  
  122  7:56  Concussive Shells  
  122  7:59  Marine  
  122  8:01  Widow Mine  
  125  8:07  Terran Infantry Weapons Level 2  
  125  8:09  Marine x8  
  125  8:10  Supply Depot  
  125  8:11  Supply Depot  
  133  8:26  Unknown x2  
  133  8:31  Marine x4, Widow Mine x2  
  133  8:32  Marine x4  
  133  8:34  Terran Infantry Armor Level 2  
  145  8:38  Terran Vehicle And Ship Armor Level 1  
  145  8:39  Supply Depot  
  145  8:40  Factory  
  145  8:42  Marine  
  146  8:49  Marine x3  
  149  8:57  Marine x2  
  149  9:00  Marine  
  149  9:02  Marine x3  
  144  9:04  Medivac  
  144  9:05  Medivac  
  144  9:07  Marine  
  144  9:08  Marauder, Missile Turret  
  143  9:15  Marine, Widow Mine  
  143  9:16  Widow Mine  
  148  9:21  Missile Turret  
  148  9:22  Marine x5, Missile Turret  
  153  9:24  Marine  
  153  9:29  Marauder  
  156  9:34  Medivac, Factory Tech Lab  
  156  9:35  Medivac  
  160  9:40  Planetary Fortress  
  160  9:46  Marine x4  
  160  9:47  Marine x2  
  160  9:51  Marauder  
  165  9:55  Missile Turret  
  165  9:58  Missile Turret  
  165  10:03  Marine  
  165  10:04  Marine x2  
  163  10:08  Marine x2  
  163  10:12  Marine  
  166  10:18  Marine  
  166  10:21  Marine x2, Command Center  
  155  10:25  Marine x2  
  133  10:30  Marauder  
  114  10:39  Marine x2  
  109  10:43  Marine x2  
Show
View Real Time Build Order
Export as new Build Order

Rogue Zerg - Winner!

Build Orders: Pool First, Muta Ling Bane 

Get SALT Encoding   

  12  0:00  Drone  
  13  0:12  Overlord  
  13  0:17  Drone  
  14  0:30  Drone  
  14  0:31  Drone  
  14  0:34  Drone  
  17  0:44  Extractor  
  17  0:45  Drone  
  17  0:50  Spawning Pool  
  17  0:56  Drone  
  17  1:07  Drone  
  18  1:18  Hatchery  
  17  1:22  Drone  
  18  1:36  Queen  
  18  1:37  Zergling x2  
  21  1:44  Metabolic Boost  
  21  1:51  Overlord  
  21  1:54  Drone  
  22  2:10  Drone  
  22  2:11  Drone  
  22  2:12  Queen  
  26  2:28  Zergling x2  
  27  2:32  Queen  
  27  2:33  Overlord  
  27  2:36  Zergling x2  
  30  2:45  Evolution Chamber  
  30  2:46  Zergling x2  
  30  2:48  Zergling x4  
  30  2:50  Zergling x2  
  33  2:53  Zergling x2  
  33  2:56  Zergling x2  
  35  3:05  Drone x2  
  37  3:13  Drone x2  
  38  3:20  Drone  
  38  3:25  Drone x2  
  41  3:27  Overlord  
  41  3:29  Drone  
  42  3:34  Drone  
  42  3:35  Drone  
  42  3:38  Zerg Ground Armor Level 1  
  44  3:45  Drone  
  45  3:54  Hatchery  
  44  4:00  Queen  
  46  4:04  Queen  
  48  4:10  Drone x3  
  48  4:15  Overlord  
  51  4:18  Drone  
  51  4:19  Overlord  
  52  4:28  Overlord  
  52  4:33  Overlord  
  52  4:34  Zergling x6  
  52  4:35  Zergling x4  
  52  4:37  Drone  
  58  4:42  Drone  
  58  4:44  Drone  
  60  4:46  Queen  
  60  4:51  Lair  
  60  4:52  Drone  
  62  4:54  Drone  
  62  5:03  Drone  
  62  5:06  Drone x2  
  65  5:15  Drone  
  65  5:16  Drone x5  
  65  5:18  Drone x2  
  65  5:19  Drone  
  74  5:29  Baneling Nest, Extractor  
  74  5:31  Extractor, Drone x3  
  74  5:36  Zerg Melee Weapons Level 1  
  74  5:38  Extractor, Drone  
  74  5:39  Extractor, Hatchery  
  74  5:42  Drone x2  
  74  5:48  Drone  
  75  5:52  Drone x8  
  83  5:57  Drone x3  
  85  6:06  Hatchery  
  85  6:08  Drone  
  85  6:09  Overlord  
  85  6:15  Drone x3  
  88  6:18  Overlord  
  88  6:19  Centrifical Hooks  
  88  6:22  Evolution Chamber  
  88  6:23  Queen  
  89  6:25  Overseer  
  89  6:30  Pneumatized Carapace  
  89  6:35  Drone x2  
  89  6:37  Spine Crawler  
  90  6:40  Spore Crawler  
  90  6:45  Drone  
  90  6:46  Zergling x2, Spire  
  94  6:47  Zergling x10  
  94  6:49  Zergling x4  
  94  6:52  Zergling x4  
  99  6:55  Baneling x6  
  99  6:56  Baneling  
  99  6:58  Zergling x4  
  103  7:01  Zergling x6  
  103  7:04  Zergling x6  
  107  7:09  Zerg Ground Armor Level 2  
  107  7:13  Extractor  
  106  7:18  Drone x6  
  106  7:21  Drone x3  
  106  7:22  Drone x2  
  113  7:23  Drone  
  113  7:26  Drone x3  
  117  7:34  Zerg Melee Weapons Level 2  
  112  7:44  Drone x2  
  112  7:45  Extractor, Zergling x10  
  112  7:46  Overlord x2  
  117  7:54  Baneling  
  117  7:55  Baneling x2, Overlord  
  117  7:57  Overlord  
  117  8:09  Mutalisk  
  117  8:10  Mutalisk x5  
  129  8:13  Zergling x16  
  129  8:17  Hatchery  
  129  8:19  Mutalisk x2  
  137  8:23  Zerg Flyer Weapons Level 1  
  137  8:28  Zergling x2  
  137  8:29  Zergling x22  
  149  8:38  Overlord x3  
  149  8:47  Overlord  
  148  8:48  Overlord  
  148  8:49  Overlord x2  
  148  9:00  Mutalisk x7  
  150  9:03  Zergling x2  
  150  9:05  Baneling  
  150  9:06  Baneling x5, Zergling x4  
  150  9:07  Zergling x10  
  155  9:12  Baneling x5  
  155  9:19  Mutalisk  
  155  9:21  Baneling  
  155  9:22  Baneling x2  
  157  9:28  Infestation Pit, Zergling x14  
  157  9:31  Hatchery  
  162  9:32  Baneling x4  
  162  9:35  Baneling x2  
  162  9:41  Overseer  
  162  9:42  Zergling x2  
  162  9:53  Zergling x2  
  162  9:54  Zergling x40  
  182  10:01  Baneling x5  
  182  10:02  Baneling x10  
  180  10:10  Zergling x2  
  176  10:17  Zergling x6  
  173  10:21  Zergling x2  
  173  10:22  Zergling x22  
  183  10:30  Zergling x16  
  184  10:35  Zergling x4  
  184  10:36  Zergling x8  
  184  10:37  Baneling x3  
  184  10:41  Baneling x8  
Tags
 
Add a new tag
Caveats
  • Supply blocks, unpowered buildings, or Contaminate may cause inaccurate times.
  • Supply counts are checked every 10 seconds.